 Dungeon Crawl Stone Soup version 0.30-a0-137-gd8773701ce (webtiles) character file.

Game seed: 2419054726900655511

236251 juncz the Slayer (level 19, -12/156 HPs)
             Began as a Djinni Conjurer on Sept 23, 2022.
             Was the Champion of Ashenzari.
             Splashed with acid (48 damage)
             ... on level 1 of the Pits of Slime.
             The game lasted 02:42:39 (58817 turns).

juncz the Slayer (Djinni Conjurer)                 Turns: 58817, Time: 02:42:40

Health: -12/156    AC: 10    Str:  6    XL:     19   Next: 96%
Gold:   1704       EV: 17    Int: 30    God:    Ashenzari [******] SH: 17 Dex: 13

rFire   + . .      SeeInvis +    U - staff of earth (curse) {Fort, Self}
rCold   + . .      Faith    .    k - +0 kite shield of the Lashed Sphere {Fort, Self} (curse)
rNeg    . . .      Spirit   .    J - +0 steam dragon scales "I Knew You'd Do That" {Melee, Self} (curse)
rPois   ∞          Reflect  +    o - +2 hat of the Eternal Negation {Self, Evo} (curse)
rElec   .          Harm     .    A - scarf of Cremastomancy {repulsion, Self, Melee} (curse)
rCorr   .          Rampage  .    V - +0 pair of gloves "Malaise of Ashenzari" {Int+3, Cun, Self} (curse)
Will    +....      Clarity  +    (boots unavailable)
Stlth   ++........               b - amulet of the Cursed Yoke {Reflect SH+5, Range, Self} (curse)
HPRegen 0.36/turn                p - ring "Seeker of Ashenzari" {Ice, Self, Melee} (curse)
MPRegen 0.00/turn                t - ring of Ashenzari's Augurer {rC+, Range, Self} (curse)

@: flying, repel missiles
A: sickness immunity, fire resistance 2, cold vulnerability 1, float, innate
caster, HP casting, extra vitality 1, frail 1
}: 2/15 runes: barnacled, gossamer
a: Renounce Religion, Shatter the Chains


You were on level 1 of the Pits of Slime.
You worshipped Ashenzari.
Ashenzari was exalted by your worship.
You visited 7 branches of the dungeon, and saw 33 of its levels.
You also visited: Ossuary and Ice Cave.

You collected 3144 gold pieces.
You spent 1440 gold pieces at shops.

Inventory:

Hand Weapons
 X - the +9 staff of Olgreb {rPois∞}
   (You took it off Arachne on level 3 of the Spider Nest)

   If the wielder is skilled in Evocations, they can envenom those struck by it,
   dealing poison damage which bypasses armour.
   It enhances your poison magic.
   It grants immunity to poison.
   It can be activated via the 'a'bility menu to radiate toxic energy, with
   effectiveness depending on Evocations skill.
Armour
 k - the cursed +0 kite shield of the Lashed Sphere (worn) {Fort, Self}
   (You found it on level 2 of the Dungeon)

   It has a curse which improves the following skills: Fortitude: Armour and
   Shields.
   Introspection: Fighting and Spellcasting.
 o - the cursed +2 hat of the Eternal Negation (worn) {Self, Evo}
   (You bought it in a shop on level 1 of the Dungeon)

   It has a curse which improves the following skills: Introspection: Fighting
   and Spellcasting.
   Evocations: Evocations.
 A - the cursed scarf of Cremastomancy (worn) {repulsion, Self, Melee}
   (You found it on level 4 of the Spider Nest)

   It has a curse which improves the following skills: Introspection: Fighting
   and Spellcasting.
   Melee Combat: Short Blades, Long Blades, Axes, Maces & Flails, Polearms,
   Staves and Unarmed Combat.
 E - a +0 robe of the Archmagi
 J - the cursed +0 steam dragon scales "I Knew You'd Do That" (worn) {Melee, Self}
   (You found it on level 7 of the Dungeon)

   It has a curse which improves the following skills: Melee Combat: Short
   Blades, Long Blades, Axes, Maces & Flails, Polearms, Staves and Unarmed
   Combat.
   Introspection: Fighting and Spellcasting.
 V - the cursed +0 pair of gloves "Malaise of Ashenzari" (worn) {Int+3, Cun, Self}
   (You bought it in a shop on level 10 of the Dungeon)

   Int:       It affects your intelligence (+3).
   It has a curse which improves the following skills: Cunning: Dodging and
   Stealth.
   Introspection: Fighting and Spellcasting.
 Z - a +2 hat of willpower
Magical Staves
 I - a staff of air
 M - a staff of conjuration
 R - a staff of cold
 U - a cursed staff of earth (weapon) {Fort, Self}
Jewellery
 b - the cursed amulet of the Cursed Yoke (around neck) {Reflect SH+5, Range, Self}
   (You found it on level 1 of the Lair of Beasts)

   [amulet of reflection]

   It reflects blocked missile attacks.
   SH:        It affects your SH (+5).
   It has a curse which improves the following skills: Ranged Combat: Ranged
   Weapons and Throwing.
   Introspection: Fighting and Spellcasting.
 m - a ring of resist corrosion
 p - the cursed ring "Seeker of Ashenzari" (left hand) {Ice, Self, Melee}
   (You found it on level 3 of the Dungeon)

   [ring of ice]

   It enhances your ice magic.
   rF:        It makes you vulnerable to fire.
   rC:        It protects you from cold.
   It has a curse which improves the following skills: Introspection: Fighting
   and Spellcasting.
   Melee Combat: Short Blades, Long Blades, Axes, Maces & Flails, Polearms,
   Staves and Unarmed Combat.
 t - the cursed ring of Ashenzari's Augurer (right hand) {rC+, Range, Self}
   (You bought it in a shop on level 2 of the Orcish Mines)

   [ring of protection from cold]

   rC:        It protects you from cold.
   It has a curse which improves the following skills: Ranged Combat: Ranged
   Weapons and Throwing.
   Introspection: Fighting and Spellcasting.
 x - a ring of protection from cold
 z - a +6 ring of intelligence
 C - a ring of wizardry
 P - a +6 ring of intelligence
 T - an amulet of the acrobat
 W - an amulet of regeneration
 Y - a ring of fire
Wands
 a - a wand of flame (31)
 h - a wand of digging (16)
 q - a wand of acid (10)
 u - a wand of roots (35)
 H - a wand of polymorph (7)
 S - a wand of paralysis (19)
Scrolls
 c - 13 scrolls of fear
 f - 3 scrolls of enchant weapon
 j - 13 scrolls of teleportation
 n - 2 scrolls of enchant armour
 v - 10 scrolls of poison
 y - 4 scrolls of blinking
 B - 3 scrolls of brand weapon
 G - 7 scrolls of magic mapping
 K - 2 scrolls of silence
 L - 3 scrolls of summoning
 O - a scroll of butterflies
Potions
 d - 4 potions of brilliance
 e - a potion of berserk rage
 g - 20 potions of curing
 i - 8 potions of heal wounds
 l - 6 potions of ambrosia
 r - 5 potions of invisibility
 s - 5 potions of might
 w - 2 potions of cancellation
 D - 3 potions of haste
 F - 5 potions of resistance
 Q - 7 potions of mutation
Miscellaneous
 N - a condenser vane


   Skills:
 - Level 22.6(27) Fighting
 - Level 4.3(7.9) Armour
 + Level 11.5(14.1) Dodging
 - Level 1.5(3.3) Stealth
 + Level 7.9(11.9) Shields
 - Level 16.9(27) Spellcasting
 + Level 10.3(12.9) Evocations


You had 20 spell levels left.
You knew the following spells:

 Your Spells              Type           Power      Damage    Failure   Level
a - Magic Dart            Conj           100%       1d8       0%          1
b - Searing Ray           Conj           100%       2d8       0%          2
c - Dazzling Flash        Conj/Hex       100%       N/A       0%          3
d - Fulminant Prism       Conj/Hex       58%        3d25      0%          4
e - Iskenderun's Mystic   Conj/Tloc      100%       2d19      0%          4
f - Beastly Appendage     Tmut           100%       N/A       0%          1
g - Call Imp              Summ           100%       N/A       0%          2
h - Confusing Touch       Hex            100%       N/A       0%          3
i - Summon Lightning Spi  Summ/Air       100%       N/A       0%          4
j - Sticky Flame          Conj/Fire      100%       2d11      0%          4
k - Alistair's Intoxicat  Tmut/Pois      77%        N/A       0%          5
l - Iron Shot             Conj/Erth      70%        9d13      0%          6
m - Spellforged Servitor  Conj/Summ      58%        N/A       0%          7
n - Conjure Ball Lightni  Conj/Air       58%        3x3d21    0%          6
Your spell library was empty.

Dungeon Overview and Level Annotations

Branches:
Dungeon (15/15)            Temple (1/1) D:4            Lair (5/5) D:9
 Shoals (4/4) Lair:2       Spider (4/4) Lair:2        Slime (2/5) Lair:4
    Orc (2/2) D:11            Elf (0/3) Orc:2        Vaults (0/5) D:13
 Depths (0/4) D:15        Ossuary (visited)           IceCv (visited)

Altars:
Ashenzari
Cheibriados
Dithmenos
Elyvilon
Fedhas
Hepliaklqana
Makhleb
Nemelex Xobeh
Okawaru
Qazlal
Ru
Trog
Uskayaw
Xom
Yredelemnul
Zin
The Shining One
Jiyva

Shops:
D:1 *(*   D:3 [   D:5 (   D:10 [   D:14 =   D:15 *   Orc:2 [(?=

Annotations:
Orc:1 1 runed translucent door, Tasiyze's ghost, journeyman MiBe


Innate Abilities, Weirdness & Mutations

You are immune to sickness and miasma.
You are immune to poison.
Your flesh is very heat resistant. (rF++)
You are vulnerable to cold. (rC-)
You float through the air rather than walking.
You learn spells naturally, not from books.
Your magical power is your life essence.
You have superior vitality. (+4 MHP)
You are frail. (-10% HP)


Message History

The slime creature is severely wounded.
You block the slime creature's attack. The slime creature closely misses you.
You feel a surge of power!
The iron shot hits the slime creature!!!!
You kill the slime creature!
The slime creature hits you.
You feel a surge of power!
The iron shot hits the shining eye!!!
You kill the shining eye!
You block the slime creature's attack. The slime creature hits you!
The shining eye gazes at you.
Strange energies course through your body.
You feel frail.
You feel a surge of power!
The iron shot hits the slime creature!!!
You kill the slime creature!
The slime creature hits you but does no damage.
You feel a surge of power!
The iron shot hits the slime creature!!!
You kill the slime creature!
The shining eye enters a dispersal trap!
The slime creature blinks! x4; You blink.
The shining eye blinks!
You feel a surge of power!
The iron shot hits the slime creature!!!!
You kill the slime creature!
You are splashed with acid!!!
You feel a surge of power!
The iron shot hits the shining eye!!!
The shining eye is almost dead.
You are splashed with acid!!
* * * LOW HITPOINT WARNING * * *
You are too injured to fight recklessly!
Casting: Iron Shot (safe; 0% risk of failure)
Confirm with . or Enter, or press ? or * to list all spells.
Aiming: Iron Shot (safe; 0% risk of failure)
Press: ? - help, Shift-Dir - straight line, f/p - shining eye
Aim: a shining eye (almost dead, 100% to hit)
You feel a surge of power!
The iron shot hits the shining eye!!!
You kill the shining eye!
* * * LOW HITPOINT WARNING * * *
You are splashed with acid!!!
You die...

##############
##############
#########§#### *
#####..#^....## ** **
####@....>....#* ,
#####......^...# *
####......#...... ,,,
**.###J............,,
*,................. ,
,............... ,,
** .......... ....
,,, , ...##........#.
* **, , * ,,,{, *,
,**


You could see a slime creature.

Vanquished Creatures
  Jorgrun (D:12)
  3 acid blobs
  The ghost of Muuss the Thaumaturge, an adept GnHW of Ashenzari (Lair:4)
  Polyphemus (Shoals:2)
  Agnes (Spider:1)
  Kirke (Spider:4)
  Donald (Spider:1)
  The ghost of LnG the Severer, an adept HOFi of Uskayaw (Shoals:1)
  Ilsuiw (Shoals:2)
  3 azure jellies
  2 rockslimes
  A frost giant (Shoals:4)
  A fire giant (D:15)
  9 emperor scorpions
  4 ghost moths (Spider:4)
  2 very ugly things (IceCv)
  Azrael (Spider:3)
  A spark wasp (Spider:4)
  3 merfolk javelineers
  3 entropy weavers
  8 merfolk impalers
  A fire dragon (D:15)
  3 hydras
  A great orb of eyes (Slime:2)
  8 centaur warriors
  An ice dragon (D:15)
  6 merfolk avatars
  A caustic shrike simulacrum (IceCv)
  3 ogre magi
  An alligator snapping turtle (Shoals:4)
  5 two-headed ogres (D:15)
  A radroach (Spider:1)
  2 dancing weapons (D:13)
  7 merfolk aquamancers
  A satyr (Shoals:4)
  A jorogumo (Spider:2)
  9 boulder beetles
  3 tengu warriors
  2 death yaks (Shoals:2)
  An orc high priest (Orc:2)
  Nergalle (Orc:2)
  Urug (D:12)
  A sun moth (Spider:2)
  3 pharaoh ants
  8 sea snakes
  An orb spider (Spider:2)
  2 orange crystal statues (IceCv)
  5 steelbarb worms
  4 wolf spider zombies (Spider:4)
  15 harpies
  2 lindwurms
  5 deep elf pyromancers
  2 orc sorcerers (Orc:2)
  An ugly thing (D:12)
  16 wolf spiders
  5 shining eyes
  2 cyclopes
  11 manticores
  11 fauns
  8 merfolk sirens
  A black mamba (shapeshifter) (D:14)
  A black mamba (Lair:5)
  A torpor snail (Spider:4)
  5 water nymphs
  2 gargoyles
  A rime drake (Lair:5)
  A demonic crawler (Spider:4)
  A yaktaur (D:14)
  A golden dragon simulacrum (IceCv)
  4 komodo dragons
  2 anaconda simulacra (IceCv)
  3 freezing wraiths
  A meliai (shapeshifter) (D:15)
  4 trolls
  5 wind drakes
  A hornet (Lair:5)
  2 polar bears (Lair:5)
  7 tarantellas
  18 merfolk
  29 slime creatures
  A wolf spider simulacrum (Spider:4)
  4 blink frogs
  4 snapping turtles (Shoals:4)
  11 jumping spiders
  8 culicivoras
  A dire elephant simulacrum (IceCv)
  2 shadows
  2 spriggans (Lair:5)
  9 water elementals
  A wyvern (D:7)
  7 yaks
  4 wraiths
  2 fire elementals (Spider:3)
  2 golden eyes (Slime:2)
  2 basilisks
  A hog (Spider:4)
  31 redbacks
  A human (shapeshifter) (D:15)
  A steam dragon (D:6)
  8 vampire mosquitoes
  2 harpy simulacra (IceCv)
  An acid dragon (D:12)
  4 hell hounds (Spider:3)
  3 hydra simulacra (IceCv)
  4 water moccasins
  An ice beast (D:5)
  6 orc warriors
  3 ettin simulacra (IceCv)
  An alligator simulacrum (IceCv)
  A boggart (Lair:5)
  2 sky beasts
  2 ogres
  5 wolves (Lair:5)
  6 centaurs
  3 lemures (D:6)
  A phantom (D:5)
  2 bullfrogs
  2 necrophages
  5 wights (D:6)
  Dowan (D:6)
  A lindwurm simulacrum (IceCv)
  4 electric eels (Lair:2)
  A hound (D:5)
  3 orc priests
  2 iguanas (D:5)
  14 orc wizards
  Ijyb (D:4)
  3 hell rats (Lair:5)
  8 mummies (Ossuary)
  5 adders
  4 gnolls (D:7)
  A white imp (D:5)
  A worm (D:3)
  3 dart slugs
  41 orcs
  6 endoplasms
  A giant cockroach (D:2)
  4 hobgoblins
  4 jackals
  3 quokkas
  2 ball pythons
  7 bats
  3 frilled lizards
  A gnoll zombie (Ossuary)
  5 goblins
  A hobgoblin zombie (Ossuary)
  4 kobolds
  3 kobold zombies (Ossuary)
  3 orc zombies (Ossuary)
  8 rats
  2 rat zombies (D:4)
  2 fulminant prisms
608 creatures vanquished.

Vanquished Creatures (collateral kills)
  Bai Suzhen (Shoals:4)
  Arachne (Spider:3)
  An acid blob (Slime:1)
  An orc warlord (Orc:2)
  A quicksilver ooze (Slime:1)
  6 merfolk impalers
  3 merfolk javelineers (Shoals:4)
  A great orb of eyes (Slime:2)
  3 hydras
  An alligator snapping turtle (Shoals:4)
  4 catoblepae
  A merfolk avatar (Shoals:4)
  5 two-headed ogres
  3 death yaks
  Sonja (Lair:5)
  Amaemon (D:8)
  2 pharaoh ants (Spider:3)
  2 orb spiders (Spider:3)
  2 sea snakes
  A steelbarb worm (Spider:3)
  A kraken simulacrum (Shoals:4)
  4 orc knights
  A spectral wolf spider (Spider:4)
  3 harpies (Shoals:1)
  A lindwurm (Lair:5)
  2 wolf spiders
  2 wolf spider zombies (Spider:4)
  An ugly thing (D:11)
  Pikel (D:6)
  3 manticores
  A deep elf pyromancer (D:13)
  A faun (Shoals:3)
  8 orc sorcerers (Orc:2)
  7 elephants
  Maurice (D:10)
  2 merfolk sirens
  An orange demon (D:8)
  Joseph (D:8)
  9 cane toads
  2 freezing wraiths (IceCv)
  A kobold demonologist (D:11)
  A rime drake (Lair:4)
  2 yaktaurs (D:14)
  6 komodo dragons
  A golden dragon simulacrum (IceCv)
  2 wolf spider simulacra (Spider:4)
  A wind drake (Shoals:1)
  6 merfolk
  7 trolls
  6 polar bears (Lair:5)
  4 tarantellas (Spider:4)
  3 hornets (Lair:5)
  9 slime creatures
  Grinder (D:6)
  A dream sheep (Lair:5)
  2 blink frogs (Lair:5)
  2 snapping turtles (Shoals:4)
  5 jumping spiders (Spider:4)
  10 spriggans (Lair:5)
  3 wyverns
  7 yaks
  A culicivora (Spider:4)
  A water elemental (Shoals:2)
  3 wraiths (D:11)
  4 golden eyes
  14 redbacks
  3 basilisks
  4 steam dragons
  3 hogs (Spider:4)
  2 vampire mosquitoes (D:10)
  8 water moccasins
  6 wargs
  2 acid dragons (D:9)
  13 orc warriors
  2 hell hounds (Spider:3)
  Duvessa (D:6)
  An ice beast (D:7)
  17 wolves
  5 ogres
  3 boggarts (Lair:5)
  4 centaurs
  A phantom (D:5)
  2 kobold brigands
  A necrophage (D:7)
  3 gnoll sergeants
  12 bullfrogs
  9 wights (D:8)
  9 killer bees
  2 jellies
  9 orc priests
  A gnoll bouda (D:6)
  An iguana (D:5)
  14 orc wizards
  2 hell rats (Lair:5)
  2 adders (D:6)
  16 gnolls
  A shadow imp (D:7)
  2 white imps (D:7)
  42 orcs
  A hobgoblin (D:11)
  8 kobolds
408 creatures vanquished.

Vanquished Creatures (others)
  A sea snake (Shoals:4)
  A human (Spider:4)
  5 fulminant prisms
  29 fungi
  92 plants
  8 tentacles (Shoals:4)
136 creatures vanquished.

Grand Total: 1152 creatures vanquished

Notes
Turn   | Place    | Note
-------+----------+-------------------------------------------
     0 | D:1      | juncz the Djinni Conjurer began the quest for the Orb.
     0 | D:1      | juncz set off with the following spells memorised: Magic
                  | Dart, Searing Ray, Dazzling Flash, Fulminant Prism,
                  | Iskenderun's Mystic Blast.
     0 | D:1      | Reached XP level 1. HP: 15/15 MP: 0/0
   337 | D:1      | Found Icyomer's Assorted Antiques.
   739 | D:1      | Found Riliff's General Store.
   840 | D:1      | Reached XP level 2. HP: 21/22 MP: 0/0
   842 | D:1      | Reached skill level 1 in Fighting
   936 | D:1      | Found Muxef's Weapon Shoppe.
  1259 | D:1      | Reached XP level 3. HP: 26/27 MP: 0/0
  1259 | D:1      | Learned a level 1 spell: Beastly Appendage
  1399 | D:1      | Found a faded altar of an unknown god.
  1674 | D:2      | Reached skill level 2 in Fighting
  2084 | D:2      | Reached XP level 4. HP: 31/33 MP: 0/0
  2155 | D:3      | Found Vuxtub's Armour Shop.
  2155 | D:3      | Found an iron altar of Okawaru.
  2306 | D:1      | Bought a +2 hat for 160 gold pieces
  3076 | D:3      | Found a sacrificial altar of Ru.
  3147 | D:3      | Found a shadowy altar of Dithmenos.
  3149 | D:3      | Found a bloodstained altar of Trog.
  3235 | D:4      | Noticed a necrophage
  3248 | D:4      | Killed a necrophage
  3249 | D:4      | Reached skill level 3 in Fighting
  3249 | D:4      | Reached XP level 5. HP: 23/40 MP: 0/0
  3249 | D:4      | Learned a level 2 spell: Call Imp
  3285 | D:4      | Found a sand-covered staircase.
  3293 | Ossuary  | Entered an ossuary
  3746 | Ossuary  | Reached XP level 6. HP: 28/46 MP: 0/0
  3868 | Ossuary  | Reached skill level 4 in Fighting
  4562 | D:4      | Identified the +5 trident of Oxeqorir {vorpal, rC+ Will+
                  | Dex+3}
  4562 | D:4      | Noticed Ijyb
  4578 | D:4      | Killed Ijyb
  4587 | D:4      | Noticed an ogre
  4594 | D:4      | Killed an ogre
  4595 | D:4      | Reached XP level 7. HP: 31/53 MP: 0/0
  4595 | D:4      | Learned a level 3 spell: Confusing Touch
  5029 | D:4      | Found a staircase to the Ecumenical Temple.
  5038 | Temple   | Entered the Ecumenical Temple
  5200 | Temple   | Became a worshipper of Ashenzari the Shackled
  5352 | D:5      | Entered Level 5 of the Dungeon
  5365 | D:5      | Reached skill level 5 in Spellcasting
  5934 | D:5      | Reached skill level 5 in Fighting
  6060 | D:5      | Reached XP level 8. HP: 26/60 MP: 0/0
  6483 | D:5      | Reached skill level 6 in Fighting
  6930 | D:5      | You are sucked into a shaft and drop 3 floors!
  7126 | D:7      | Noticed a wyvern
  7136 | D:7      | Killed a wyvern
  7401 | D:7      | Reached skill level 7 in Fighting
  7630 | D:6      | Reached XP level 9. HP: 56/69 MP: 0/0
  7630 | D:6      | Learned a level 4 spell: Summon Lightning Spire
  7972 | D:6      | Noticed Pikel
  7979 | D:6      | Killed Pikel
  7980 | D:6      | Reached skill level 8 in Fighting
  8568 | D:6      | Noticed Duvessa
  8579 | D:6      | Noticed Dowan
  8579 | D:6      | Killed Duvessa
  8581 | D:6      | Killed Dowan
  8940 | D:6      | Noticed Grinder
  8947 | D:6      | Killed Grinder
  8948 | D:6      | Reached skill level 9 in Fighting
  9086 | D:5      | Found Doiq's Antique Weapon Boutique.
  9089 | D:5      | Bought a shimmering dagger for 161 gold pieces
  9089 | D:5      | Identified the +5 dagger of Outrage {distort, rPois Str+5
                  | Int-4} (You bought it in a shop on level 5 of the Dungeon)
  9165 | D:5      | Reached XP level 10. HP: 28/78 MP: 0/0
 10586 | D:7      | Reached skill level 10 in Fighting
 11604 | D:8      | Noticed Joseph
 11609 | D:8      | Killed Joseph
 12008 | D:8      | Noticed Amaemon
 12009 | D:8      | Noticed an orange demon
 12018 | D:8      | Killed an orange demon
 12019 | D:8      | Reached skill level 11 in Fighting
 12038 | D:8      | Killed Amaemon
 12039 | D:8      | Reached XP level 11. HP: 53/89 MP: 0/0
 12039 | D:8      | Learned a level 4 spell: Sticky Flame
 13502 | D:9      | Found a glowing golden altar of the Shining One.
 13975 | D:9      | Found a staircase to the Lair.
 14115 | D:9      | Found a sparkling altar of Nemelex Xobeh.
 14117 | D:9      | Noticed a centaur warrior
 14134 | D:9      | Killed a centaur warrior
 14135 | D:9      | Reached skill level 12 in Fighting
 14135 | D:9      | Reached skill level 10 in Spellcasting
 14707 | D:9      | Reached * piety under Ashenzari
 14707 | D:9      | Identified 2 scrolls of acquirement
 15031 | Lair:1   | Entered Level 1 of the Lair of Beasts
 15033 | Lair:1   | Acquired a staff of cold
 15035 | Lair:1   | Acquired the +2 cloak "Roinin" {rPois Int+2 Slay+3}
 15071 | D:10     | Entered Level 10 of the Dungeon
 15365 | D:10     | Paralysed by a kobold for 4 turns
 15799 | D:10     | Found Oseik's Antique Armour Emporium.
 15806 | D:10     | Bought a pair of pitted gloves for 313 gold pieces
 15806 | D:10     | Identified the +0 pair of gloves of the Gloaming {Int+3}
                  | (You bought it in a shop on level 10 of the Dungeon)
 16087 | D:10     | Reached ** piety under Ashenzari
 16141 | D:10     | Noticed Maurice
 16171 | D:10     | Killed Maurice
 16355 | D:10     | Noticed a two-headed ogre
 16362 | D:10     | Killed a two-headed ogre
 16363 | D:10     | Reached XP level 12. HP: 100/103 MP: 0/0
 16650 | D:11     | Noticed a two-headed ogre
 16658 | D:11     | Reached skill level 13 in Fighting
 16670 | D:11     | Killed a two-headed ogre
 16945 | D:11     | Found a staircase to the Orcish Mines.
 17107 | D:11     | Reached *** piety under Ashenzari
 17839 | Lair:1   | Acquired a manual of Fighting
 18295 | Lair:2   | Noticed a four-headed hydra
 18305 | Lair:2   | Killed a four-headed hydra
 18316 | Lair:2   | Reached skill level 14 in Fighting
 18828 | Lair:2   | Found a hole to the Spider Nest.
 19146 | Lair:2   | Reached skill level 1 in Shields
 19147 | Lair:2   | Noticed a five-headed hydra
 19157 | Lair:2   | Killed a five-headed hydra
 19433 | Lair:2   | Found a staircase to the Shoals.
 19491 | Lair:2   | Reached XP level 13. HP: 81/117 MP: 0/0
 19491 | Lair:2   | Learned a level 5 spell: Alistair's Intoxication
 19501 | Lair:2   | Reached skill level 15 in Fighting
 20162 | Lair:3   | Identified the +9 chain mail of the Shining One's Envy
                  | {rF+++ Int-3 Slay+5}
 20302 | Lair:3   | Reached **** piety under Ashenzari
 20647 | Lair:3   | Noticed a catoblepas
 20660 | Lair:3   | Killed a catoblepas
 20891 | Lair:4   | Reached skill level 16 in Fighting
 21022 | Lair:4   | Noticed an eight-headed hydra
 21037 | Lair:4   | Killed an eight-headed hydra
 21226 | Lair:4   | Found a staircase to the Slime Pits.
 21226 | Lair:4   | Found a viscous altar of Jiyva.
 21373 | Lair:4   | Found a large runed translucent door.
 21373 | Lair:4   | Found a large runed translucent door.
 21929 | Lair:4   | Noticed Muuss's ghost (adept GnHW)
 22026 | Lair:4   | Noticed an eight-headed hydra
 22030 | Lair:4   | Noticed an eight-headed hydra
 22710 | Lair:4   | Noticed a four-headed hydra
 22716 | Lair:4   | Noticed an eight-headed hydra
 22717 | Lair:4   | Noticed a five-headed hydra
 22996 | Lair:5   | Entered Level 5 of the Lair of Beasts
 23442 | Lair:5   | Reached skill level 17 in Fighting
 23748 | Lair:5   | Reached ***** piety under Ashenzari
 24002 | Lair:5   | Noticed Sonja
 24008 | Lair:5   | Killed Sonja
 24009 | Lair:5   | Reached XP level 14. HP: 135/137 MP: 0/0
 24172 | Lair:5   | Reached skill level 18 in Fighting
 25577 | Lair:5   | Identified the -2 pair of gloves of the Boiling Point
                  | {Regen+ Int-3 Slay+5 Stlth+}
 26251 | Orc:1    | Entered Level 1 of the Orcish Mines
 26463 | Orc:2    | Entered Level 2 of the Orcish Mines
 27410 | Orc:1    | Found a runed translucent door.
 27411 | Orc:1    | Noticed Tasiyze's ghost (journeyman MiBe)
 27492 | Orc:1    | Reached skill level 19 in Fighting
 27867 | Orc:2    | Noticed an orc warlord
 28701 | Orc:2    | Found Conajina's Antique Armour Emporium.
 29026 | Orc:2    | Found a staircase to the Elven Halls.
 29098 | Orc:2    | Killed an orc warlord
 29405 | Orc:2    | Found Dekoox's Antique Weapon Shoppe.
 29552 | Orc:2    | Noticed Nergalle
 30535 | Orc:2    | Paralysed by an orc sorcerer for 2 turns
 30613 | Orc:2    | Reached XP level 15. HP: 86/139 MP: 0/0
 30613 | Orc:2    | Learned a level 6 spell: Iron Shot
 31036 | Orc:2    | Killed Nergalle
 31223 | Orc:2    | Found Luog's Magic Scroll Shoppe.
 31224 | Orc:2    | Found Zeyss's Jewellery Emporium.
 31238 | Orc:2    | Bought a ring of protection from cold for 325 gold pieces
 31238 | Orc:2    | Bought a ring of protection from cold for 325 gold pieces
 31421 | D:12     | Noticed Jorgrun
 31434 | D:12     | Noticed Urug
 31450 | D:12     | Killed Urug
 31452 | D:12     | Killed Jorgrun
 33676 | D:13     | Reached skill level 20 in Fighting
 34291 | D:13     | Found a gate to the Vaults.
 34826 | D:14     | Found Umolon's Jewellery Emporium.
 35278 | D:14     | Reached ****** piety under Ashenzari
 35585 | D:15     | Entered Level 15 of the Dungeon
 35743 | D:15     | Reached skill level 1 in Armour
 35743 | D:15     | Reached skill level 1 in Evocations
 35758 | D:15     | Found Ibeiw's Assorted Antiques.
 35773 | D:15     | Noticed a fire giant
 35781 | D:15     | Killed a fire giant
 35782 | D:15     | Reached skill level 15 in Spellcasting
 35788 | D:15     | Found a staircase to the Depths.
 35814 | D:15     | Found a frozen archway.
 35929 | D:15     | Reached XP level 16. HP: 143/154 MP: 0/0
 35934 | IceCv    | Entered an ice cave
 36906 | IceCv    | Identified the +6 morningstar of the Singing Gods {vorpal,
                  | SInv}
 37283 | D:15     | Bought a fluorescent wand for 128 gold pieces
 37283 | D:15     | Bought a grey potion for 28 gold pieces
 37833 | D:15     | Found a blossoming altar of Fedhas.
 38215 | Spider:1 | Entered Level 1 of the Spider Nest
 38456 | Spider:1 | Noticed Donald
 38464 | Spider:1 | Killed Donald
 38465 | Spider:1 | Reached skill level 5 in Dodging
 38624 | Spider:1 | Noticed Agnes
 38627 | Spider:1 | Killed Agnes
 39279 | Spider:1 | Noticed an emperor scorpion
 39284 | Spider:1 | Killed an emperor scorpion
 40387 | Spider:2 | Reached skill level 5 in Evocations
 40475 | Spider:2 | Noticed an emperor scorpion
 40483 | Spider:2 | Killed an emperor scorpion
 40670 | Spider:2 | Reached XP level 17. HP: 109/160 MP: 0/0
 40670 | Spider:2 | Learned a level 7 spell: Spellforged Servitor
 41201 | Spider:3 | Reached skill level 21 in Fighting
 41971 | Spider:3 | Noticed Azrael
 42607 | Spider:3 | Killed Azrael
 42609 | Spider:3 | Noticed Arachne
 42616 | Spider:3 | Killed Arachne
 43165 | Spider:4 | Entered Level 4 of the Spider Nest
 44662 | Spider:4 | Identified the +8 rapier "Waocw" {speed, rPois Will++ Str+3
                  | Dex+4}
 44789 | Spider:4 | Identified the Spellbook of Profane Liturgies and Outbursts
 44842 | Spider:4 | Noticed Kirke
 44851 | Spider:4 | Noticed a sphinx
 44851 | Spider:4 | Killed Kirke
 45924 | Spider:4 | Reached XP level 18. HP: 143/167 MP: 0/0
 46105 | Spider:4 | Got a gossamer rune of Zot
 46403 | Shoals:1 | Entered Level 1 of the Shoals
 46778 | Shoals:1 | Identified the +1 robe "Ushrihuaw" {+Inv Str+3 Int+2 Dex-5}
 46783 | Shoals:1 | Found a large runed translucent door.
 46783 | Shoals:1 | Found a large runed translucent door.
 46784 | Shoals:1 | Noticed LnG's ghost (adept HOFi)
 47836 | Shoals:1 | Killed LnG's ghost
 48180 | Shoals:2 | Noticed Polyphemus
 48183 | Shoals:2 | Reached skill level 22 in Fighting
 48190 | Shoals:2 | Killed Polyphemus
 48902 | Shoals:2 | Noticed Ilsuiw
 48907 | Shoals:2 | Killed Ilsuiw
 51222 | Shoals:4 | Entered Level 4 of the Shoals
 51535 | Shoals:4 | Reached XP level 19. HP: 50/174 MP: 0/0
 51535 | Shoals:4 | Learned a level 6 spell: Conjure Ball Lightning
 51627 | Shoals:4 | Noticed Bai Suzhen
 52381 | Shoals:4 | Killed Bai Suzhen
 52382 | Shoals:4 | Reached skill level 5 in Shields
 53115 | Shoals:4 | Reached skill level 10 in Dodging
 54202 | Shoals:4 | Got a barnacled rune of Zot
 54739 | Shoals:4 | Identified the +1 plate armour of the Battered Wars {Str+2
                  | Int+4}
 55131 | Slime:1  | Entered Level 1 of the Pits of Slime
 55543 | Lair:4   | Killed Muuss's ghost
 57035 | Slime:2  | Reached skill level 10 in Evocations
 58812 | Slime:1  | Gained mutation: You are frail. (-10% HP) [a shining eye]
 58817 | Slime:1  | Splashed with acid

Illustrated notes

Levels and vault maps discovered:
D:1:      lemuel_arrival_river_bridge, layout_basic,
          chequers_ecumenical_altar_simple, serial_shops, shop_statue, shop,
          shop
D:2:      layout_rooms, minmay_misc_feat_tiny, kennysheep_potato
D:3:      layout_basic, mainiacjoe_overflow_tiny_flanked,
          mainiacjoe_overflow_six_doors_small, nicolae_overflow_hidden_temple,
          serial_shops, shop_coins, minivault_25
D:4:      layout_rooms, minmay_temple_entry_tees, enter_ossuary_4,
          kennysheep_cluttered_room, uniq_ijyb
D:5:      layout_rooms, serial_shops, kennysheep_mini_moat
D:6:      layout_basic, minmay_misc_feat_secret_circle, uniq_duvessa,
          uniq_pikel, uniq_grinder
D:7:      layout_basic, kennysheep_path_1
D:8:      layout_loops_ring, kennysheep_small_square, uniq_amaemon, uniq_joseph
D:9:      layout_basic, mainiacjoe_overflow_brackets, mainiacjoe_overflow_paths,
          lair_entry_dummy
D:10:     layout_gridville, mainiacjoe_overflow_catwalk, serial_shops,
          nicolae_square_shop, minmay_starry_boxes, uniq_maurice
D:11:     layout_stronghold, erik_orc_4
D:12:     layout_cave_pods, uniq_urug, uniq_jorgrun
D:13:     layout_cave_pods, erik_vaults_1
D:14:     layout_long_grid, serial_shops, shop, nicolae_figureground_pulse,
          roderic_three_in_a_row
D:15:     grunt_enter_depths_giant_problem, layout_irregular_city,
          portal_ice_cave_entry_dragon, lemuel_tele_altar, serial_shops,
          nicolae_shop_crystal
Temple:   hellmonk_temple_forest_ring
Lair:1:   layout_gridlike
Lair:2:   layout_chaotic_city, elwin_shoals_entry_rooms, dummy_spider_entry,
          serial_bayou, serial_bayou_pond_b, serial_bayou_lagoon_b,
          serial_bayou_shore_a, serial_bayou_ford_a,
          chequers_serial_rivers_micro_d
Lair:3:   layout_concentric_octagons
Lair:4:   layout_small_grid, slime_entry_1, ebering_ghost_disaster_area
Lair:5:   minmay_lair_end_enchanted_forest, layout_cave_pods, uniq_sonja
Shoals:1: layout_shoals, ebering_ghost_disaster_area
Shoals:2: layout_shoals, uniq_ilsuiw, uniq_polyphemus
Shoals:3: layout_shoals, nicolae_shoals_water_booths
Shoals:4: shoals_end_grunt_ice, layout_shoals, uniq_bai_suzhen
Spider:1: layout_spider_delve, guppyfry_spider_mini_2,
          hangedman_spider_tarantella_strand, uniq_agnes, uniq_donald
Spider:2: layout_spider_delve, nicolae_spider_rock_and_or_roll
Spider:3: layout_cave_pods, uniq_arachne, uniq_azrael
Spider:4: grunt_spider_rune_circles, nicolae_spider_undead_wolf_pack, uniq_kirke
Slime:1:  layout_caves
Slime:2:  layout_caves, cheibrodos_slime_lost_civilization_6
Orc:1:    layout_diamond_mine, serial_shops, gammafunk_ghost_grave
Orc:2:    kennysheep_orc_mage_school, layout_diamond_mine

Skill      XL: |  1  2  3  4  5  6  7  8  9 10 11 12 13 14 15 16 17 18 19 |
---------------+----------------------------------------------------------+-----
Fighting       | 1 2 3 4 5 7 9 11 12 14 17 19 20 21 22 | 22.6
Spellcasting   | 4 5 6 7 9 10 11 12 14 15 16 | 16.9
Shields        | 2 4 7 |  7.9
Armour         | 1 4 |  4.3
Evocations     | 1 5 7 8 10 | 10.3
Dodging        | 3 6 8 9 11 | 11.5
Stealth        | |  1.5

Action                   |  1- 3 |  4- 6 |  7- 9 | 10-12 | 13-15 | 16-18 | 19-21 || total
-------------------------+-------+-------+-------+-------+-------+-------+-------++-------
Melee: Trident           |       |       |     4 |       |       |       |       ||     4
       Staff             |       |       |       |     5 |     4 |       |     6 ||    15
       Punch             |       |       |       |     1 |       |       |       ||     1
 Cast: Magic Dart        |    67 |   115 |   119 |    42 |   170 |     3 |       ||   516
       Fulminant Prism   |       |     7 |       |       |       |       |       ||     7
       Iskenderun's Myst |       |     2 |    63 |    55 |    73 |    14 |     1 ||   208
       Call Imp          |       |       |     1 |       |       |       |       ||     1
       Summon Lightning  |       |       |    14 |    83 |   147 |    17 |    12 ||   273
       Sticky Flame      |       |       |       |       |     4 |       |       ||     4
       Alistair's Intoxi |       |       |       |       |     6 |     1 |       ||     7
       Iron Shot         |       |       |       |       |    73 |   370 |   109 ||   552
       Spellforged Servi |       |       |       |       |       |    38 |    17 ||    55
Invok: Curse Item        |       |       |     1 |     4 |     4 |     1 |       ||    10
       Shatter the Chain |       |       |       |       |       |     1 |       ||     1
  Use: Scroll            |       |       |       |     3 |     4 |       |     3 ||    10
       Potion            |       |       |       |       |     1 |     1 |     1 ||     3
Armor: Robe              |     1 |     6 |    15 |     5 |       |       |       ||    27
       Steam dragon scal |       |       |       |    20 |    42 |    19 |     5 ||    86
Dodge: Dodged            |     1 |    11 |    23 |    50 |    56 |    54 |    16 ||   211
       Repelled          |       |       |       |       |       |       |     5 ||     5
Block: Kite shield       |       |       |       |     9 |    99 |    86 |    14 ||   208
       Reflection        |       |       |       |       |    15 |    13 |     2 ||    30

Table legend: (Time is in decaauts)
 A = Elapsed time spent in this place.
 B = Non-inter-level travel time spent in this place.
 C = Inter-level travel time spent in this place.
 D = Time resting spent in this place.
 E = Time spent auto-exploring this place.
 F = Levels seen in this place.
 G = Mean time per level.
                   A        B        C        D        E       F      G
               +--------+--------+--------+--------+--------+-----+--------+
         Total |  58906 |  56553 |   2353 |  26710 |  23730 |  35 | 1683.0 |
       Dungeon |  22119 |  21016 |   1103 |   7357 |  11537 |  15 | 1474.6 |
        Temple |    176 |    146 |     30 |      0 |    136 |   1 |  176.0 |
          Lair |   9374 |   8862 |    512 |   4119 |   3655 |   5 | 1874.8 |
        Shoals |   8667 |   8527 |    140 |   3577 |   3871 |   4 | 2166.8 |
   Spider Nest |   8153 |   7833 |    320 |   4473 |   2593 |   4 | 2038.2 |
    Slime Pits |   3096 |   3044 |     52 |   2126 |    702 |   2 | 1548.0 |
  Orcish Mines |   5077 |   4884 |    193 |   3212 |   1094 |   2 | 2538.5 |
       Ossuary |   1204 |   1204 |      0 |    996 |    118 |   1 | 1204.0 |
      Ice Cave |   1036 |   1036 |      0 |    850 |     24 |   1 | 1036.0 |
               +--------+--------+--------+--------+--------+-----+--------+

Top non-repeatable levels by time:
   Orc:2: 4235 daAuts
Shoals:4: 3804 daAuts
Spider:4: 3146 daAuts
  Lair:5: 3106 daAuts
  Lair:4: 2693 daAuts
 Slime:2: 2264 daAuts
     D:8: 2230 daAuts
Spider:3: 2027 daAuts
     D:6: 1882 daAuts
  Lair:2: 1876 daAuts
Shoals:3: 1822 daAuts
     D:9: 1768 daAuts
    D:12: 1749 daAuts
Spider:2: 1660 daAuts
     D:1: 1659 daAuts
